 Dungeon Crawl Stone Soup version 0.18.1-50-g88ac8fd (webtiles) character file.

105 Derfel the Skirmisher (level 4, 0/42 HPs)
             Began as a Hill Orc Fighter on Nov 21, 2016.
             Succumbed to Crazy Yiuf's poison
             ... on level 2 of the Dungeon.
             The game lasted 00:05:32 (1480 turns).

Derfel the Skirmisher (Hill Orc Fighter)            Turns: 1480, Time: 00:05:33

Health: 0/42       AC: 10    Str: 24    XL:     4   Next: 81%
Magic:  4/4        EV:  7    Int:  8    God:
Gold:   71         SH:  9    Dex: 10    Spells: 0 memorised, 3 levels left

rFire  . . .     SeeInvis .     a - +1 war axe
rCold  . . .     Gourm    .     b - +0 scale mail
rNeg   + . .     Faith    .     c - +0 shield
rPois  .         Spirit   .     p - +2 hat
rElec  .         Dismiss  .     (no cloak)
rCorr  .         Reflect  .     u - +0 pair of gloves
SustAt .         Harm     .     (no boots)
MR     .....                    (no amulet)
Stlth  ..........               q - -3 ring of slaying (curse)
                                z - ring of positive energy

@: mighty, lethally poisoned (0 -> -15), not resistant to hostile enchantments,
extremely unstealthy
A: no striking features
a: no special abilities


You were on level 2 of the Dungeon.
You were very hungry.

You visited 1 branch of the dungeon, and saw 2 of its levels.

You collected 71 gold pieces.

Inventory:

Hand Weapons
 a - a +1 war axe (weapon)
 B - a +2 mace of draining
 C - a +2 mace of holy wrath
 D - a +1 mace of protection
Missiles
 l - 78 stones (quivered)
 v - 7 needles of sleeping
Armour
 b - a +0 scale mail (worn)
 c - a +0 shield (worn)
 p - a +2 hat (worn)
 u - a +0 pair of gloves (worn)
Jewellery
 h - an uncursed ring of fire
 i - an uncursed ring of loudness
 q - a cursed -3 ring of slaying (right hand)
 z - a ring of positive energy (left hand)
Scrolls
 m - a scroll of amnesia {unknown}
 n - a scroll of immolation {unknown}
 o - a scroll of fear {unknown}
 r - a scroll of random uselessness {unknown}
 x - a scroll of recharging {unknown}
 y - a scroll of enchant armour {unknown}
 A - a scroll of remove curse
Potions
 e - a potion of curing {unknown}
 g - 2 potions of invisibility {unknown}
 j - a potion of degeneration {unknown}
Books
 s - Sif Muna's Handbook of Transmutation
   (You found it on level 2 of the Dungeon)

   Spells                             Type                      Level
   a - Beastly Appendage              Transmutation                1
Comestibles
 f - a bread ration
 k - a meat ration
 t - a royal jelly
 w - 2 slices of pizza


   Skills:
 + Level 5.3 Fighting
 + Level 4.7 Axes
 - Level 3.2 Armour
 - Level 3.2 Shields


You had 3 spell levels left.
You didn't know any spells.

Dungeon Overview and Level Annotations

Branches:
Dungeon (2/15)

Altars:
Ashenzari
Kikubaaqudgha
Sif Muna
Vehumet


Message History

You slash Crazy Yiuf!
Crazy Yiuf is almost dead.
You feel sick.
Crazy Yiuf yells, "Castle!
Cod ragdoll meccalolo."
Crazy Yiuf barely misses you.
You barely miss Crazy Yiuf.
Crazy Yiuf is almost dead.
You feel sick.
Crazy Yiuf hits you with a quarterstaff of chaos!
* * * LOW HITPOINT WARNING * * *
You are more poisoned.
Drink which item? (? for menu, Esc to quit)
You feel very mighty all of a sudden.
* * * LOW HITPOINT WARNING * * *
You feel sick.
Crazy Yiuf says, "Ten Orb Guardian sow!"
You block Crazy Yiuf's attack.
You slice Crazy Yiuf!!
You kill Crazy Yiuf!
You die...

# #............
############ #
#............ ##### #
#............ #.... #
####.######## #.### #
#.# #.### #.# #....
#.###♣♣ ### #####
######.)+))♣♣ ♣♣#..)#
....##...).)♣♣♣♣@)...#
###.###)...).♣..♣#...#
#.# #.+)).♣.♣♣♣ ###
#.# #.##♣♣♣♣♣ #.# #.#
#.# #.############ #.#
#.............
#.#######.########
#.........#


There were no monsters in sight!

Vanquished Creatures
  Crazy Yiuf (D:2)
  An adder (D:2)
  An ooze (D:2)
  3 worms (D:2)
  A dart slug (D:2)
  2 giant geckos
  2 giant cockroaches
  6 goblins
  12 hobgoblins
  3 jackals (D:2)
  A ball python (D:2)
  7 bats
  4 giant newts (D:1)
  3 kobolds
  3 rats
50 creatures vanquished.

Notes
Turn   | Place    | Note
--------------------------------------------------------------
     0 | D:1      | Derfel the Hill Orc Fighter began the quest for the Orb.
     0 | D:1      | Reached XP level 1. HP: 19/19 MP: 1/1
   231 | D:1      | Reached skill level 4 in Fighting
   247 | D:1      | Reached XP level 2. HP: 25/27 MP: 2/2
   547 | D:2      | Reached XP level 3. HP: 34/34 MP: 3/3
   591 | D:2      | Found a shattered altar of Ashenzari.
   773 | D:2      | Found a radiant altar of Vehumet.
   851 | D:2      | Found an ancient bone altar of Kikubaaqudgha.
   855 | D:2      | Found a deep blue altar of Sif Muna.
   864 | D:2      | Identified Sif Muna's Handbook of Transmutation
  1086 | D:2      | Reached XP level 4. HP: 41/41 MP: 4/4
  1244 | D:2      | Reached skill level 5 in Fighting
  1464 | D:2      | Noticed Crazy Yiuf
  1479 | D:2      | HP: 2/42 [poisoned by Crazy Yiuf]
  1480 | D:2      | Killed Crazy Yiuf
  1480 | D:2      | Succumbed to Crazy Yiuf's poison

Skill      XL: |  1  2  3  4 |
---------------+-------------+-----
Axes           | 3 4 |  4.7
Fighting       | 4 5 |  5.3
Armour         | |  3.2
Shields        | |  3.2

Action                   |  1- 3 |  4- 6 || total
-------------------------+-------+-------++-------
Melee: War axe           |   114 |    39 ||   153
Throw: Stone             |     1 |       ||     1
  Use: Scroll            |     2 |       ||     2
       Potion            |       |     1 ||     1
  Eat: Chunk             |     1 |       ||     1
Armor: Scale mail        |    51 |    14 ||    65
Dodge: Dodged            |    27 |    15 ||    42
Block: Shield            |    64 |    27 ||    91
